[Event "4NCL 2021-22"]
[Site "England"]
[Date "2022.03.26"]
[Round "5.30"]
[White "Yao, Lan"]
[Black "Webb, Laurence E"]
[Result "0-1"]
[ECO "C17"]
[WhiteElo "2297"]
[BlackElo "2256"]
[Annotator "ChessBase"]
[PlyCount "108"]
[EventDate "2021.11.27"]
[EventType "team-tourn"]
[EventCountry "ENG"]
[SourceTitle "playchess.com"]
[Source "ChessBase"]
[SourceQuality "1"]
[TimeControl "40/6000+30:3000+30"]

1. e4 e6 2. d4 d5 3. Nc3 Bb4 4. e5 c5 5. Bd2 Nh6 6. Nb5 Bxd2+ 7. Qxd2 O-O 8. f4 Nc6 9. Nf3 f6 10. Bd3 a6 11. Nd6 Nxd4 12. Nxd4 fxe5 13. Nf3 Qxd6 14. fxe5 Qe7 15. Ng5 Nf5 16. O-O h6 17. Bxf5 hxg5 18. Bg6 Bd7 19. Qd3 g4 20. c4 Qg5 21. Rfe1 Bc6 22. cxd5 Bxd5 23. Be4 Rad8 24. Qg3 Qf4 25. Qxf4 Rxf4 26. Rad1 Rff8 27. Bb1 Kf7 28. Kf2 Ke7+ 29. Kg3 Bc6 30. Bg6 Rd5 31. Rxd5 exd5 32. Bh5 Bd7 33. Re2 d4 34. Rc2 b6 35. b4 Bf5 36. Rc1 Rc8 37. bxc5 bxc5 38. Bxg4 Ke6 39. Bf3 Kxe5 40. Bb7 Rc7 41. Bxa6 Be6 42. a4 c4 43. Kf3 Bd5+ 44. Ke2 Kd6 45. Kd2 Kc5 46. Re1 Ra7 47. Bb5 Rf7 48. g3 Rf2+ 49. Re2 c3+ 50. Ke1 Rf3 51. Re7 d3 52. Rd7 d2+ 53. Kd1 Re3 54. Kc2 Re1 0-1

[Event "4NCL 2021-22"]
[Site "England"]
[Date "2022.03.26"]
[Round "5.32"]
[White "Grigoryan, Meri"]
[Black "Gamal, Alaa"]
[Result "1-0"]
[ECO "D90"]
[WhiteElo "1989"]
[BlackElo "1701"]
[Annotator "NA"]
[PlyCount "81"]
[EventDate "2021.11.27"]
[EventType "team-tourn"]
[EventCountry "ENG"]
[SourceTitle "playchess.com"]
[Source "ChessBase"]
[SourceQuality "1"]
[TimeControl "40/6000+30:3000+30"]

1. d4 Nf6 2. Nf3 g6 3. c4 Bg7 4. Nc3 d5 5. h3 c5 6. dxc5 Qa5 7. Qa4+ Qxa4 8. Nxa4 Bd7 9. Nc3 dxc4 10. e3 Na6 11. Bxc4 Nxc5 12. O-O O-O 13. Ne5 Rad8 14. f3 Nh5 15. Nxd7 Rxd7 16. g4 Nf6 17. Bb5 Rd6 18. e4 Nfd7 19. Bf4 Bd4+ 20. Kh1 e5 21. Bh6 Rd8 22. Nd5 Rxd5 23. exd5 Bxb2 24. Rad1 Bd4 25. Rfe1 Nb6 26. f4 f6 27. fxe5 fxe5 28. Bg5 Rxd5 29. Be3 Ne6 30. Bxd4 Nxd4 31. Bf1 Ra5 32. Bg2 Nc6 33. Rb1 Kg7 34. Rec1 Nd4 35. Rc7+ Kh6 36. Rxb7 Rxa2 37. h4 g5 38. h5 Ra3 39. Be4 Rh3+ 40. Kg2 Rxh5 41. Rxh7# 1-0

[Event "4NCL 2021-22"]
[Site "England"]
[Date "2022.03.26"]
[Round "5.33"]
[White "Taylor, Martin R"]
[Black "Merriman, John"]
[Result "1/2-1/2"]
[ECO "E32"]
[WhiteElo "2343"]
[BlackElo "2261"]
[Annotator "ChessBase"]
[PlyCount "66"]
[EventDate "2021.11.27"]
[EventType "team-tourn"]
[EventCountry "ENG"]
[SourceTitle "playchess.com"]
[Source "ChessBase"]
[SourceQuality "1"]
[TimeControl "40/6000+30:3000+30"]

1. d4 Nf6 2. c4 e6 3. Nc3 Bb4 4. Qc2 O-O 5. a3 Bxc3+ 6. Qxc3 b6 7. Bg5 h6 8. Bh4 Bb7 9. e3 d6 10. Ne2 Nbd7 11. Qd3 e5 12. Nc3 Re8 13. Rd1 Qe7 14. Nd5 Bxd5 15. cxd5 e4 16. Qb3 a6 17. Rc1 Ra7 18. a4 g5 19. Bg3 Nf8 20. Bc4 Qd7 21. O-O Ng6 22. f3 Ne7 23. fxe4 Nxe4 24. Qd3 Nf5 25. Be1 Qc8 26. Rc2 Ng7 27. Re2 Re7 28. Qc2 Ne8 29. Bd3 N8f6 30. Qc6 Ra8 31. b3 Qe8 32. Qxe8+ Rexe8 33. Bc4 Kg7 1/2-1/2

[Event "4NCL 2021-22"]
[Site "England"]
[Date "2022.03.26"]
[Round "5.34"]
[White "Harakis, Alexis M"]
[Black "Cox, John J"]
[Result "1-0"]
[ECO "A81"]
[WhiteElo "2264"]
[BlackElo "2319"]
[Annotator "ChessBase"]
[PlyCount "81"]
[EventDate "2021.11.27"]
[EventType "team-tourn"]
[EventCountry "ENG"]
[SourceTitle "playchess.com"]
[Source "ChessBase"]
[SourceQuality "1"]
[TimeControl "40/6000+30:3000+30"]

1. d4 f5 2. g3 Nf6 3. Bg2 e6 4. Nd2 Be7 5. e4 fxe4 6. Nxe4 O-O 7. Qd3 Nc6 8. Bd2 Qe8 9. Ne2 d6 10. O-O e5 11. Rae1 Qh5 12. f4 Nxe4 13. Bxe4 Bh3 14. Rf2 Kh8 15. Bf3 Bg4 16. d5 Nb8 17. Bxg4 Qxg4 18. Nd4 Nd7 19. Ne6 Rfc8 20. h3 Qh5 21. g4 Qe8 22. f5 Bh4 23. Ref1 Bxf2+ 24. Rxf2 c6 25. Bb4 Nf6 26. Bxd6 Rd8 27. Bf8 Rd7 28. d6 Rf7 29. g5 Nd5 30. c4 Rxf8 31. cxd5 Rf7 32. Nc7 e4 33. Qd4 Rxc7 34. dxc7 cxd5 35. f6 gxf6 36. Rxf6 Kg8 37. Qxd5+ Kg7 38. Qd4 Kg8 39. Rd6 e3 40. Qd5+ Kh8 41. Rd8 1-0

[Event "4NCL 2021-22"]
[Site "England"]
[Date "2022.03.26"]
[Round "5.35"]
[White "Griffiths, Ryan Rhys"]
[Black "Ratnesan, Ranesh"]
[Result "1/2-1/2"]
[ECO "D10"]
[WhiteElo "2352"]
[BlackElo "2258"]
[Annotator "ChessBase"]
[PlyCount "69"]
[EventDate "2021.11.27"]
[EventType "team-tourn"]
[EventCountry "ENG"]
[SourceTitle "playchess.com"]
[Source "ChessBase"]
[SourceQuality "1"]
[TimeControl "40/6000+30:3000+30"]

1. d4 d5 2. c4 c6 3. Nc3 Nf6 4. e3 Bf5 5. cxd5 cxd5 6. Qb3 Nc6 7. Qxb7 Bd7 8. Qb3 Rb8 9. Qd1 e5 10. dxe5 Nxe5 11. Be2 Bd6 12. Nf3 Qe7 13. O-O O-O 14. Nxe5 Qxe5 15. g3 Bh3 16. Re1 Rfd8 17. Bf3 Bc5 18. a3 Ne4 19. Qc2 Ng5 20. Bg2 Qe6 21. f4 Bf5 22. Qe2 Bg4 23. Qf1 Nh3+ 24. Kh1 a5 25. Nb5 Nf2+ 26. Qxf2 Rxb5 27. b4 axb4 28. axb4 Bxb4 29. Bd2 Bxd2 30. Qxd2 Bf5 31. e4 Bh3 32. exd5 Bxg2+ 33. Qxg2 Qxd5 34. Qxd5 Rbxd5 35. Ra2 1/2-1/2

[Event "4NCL 2021-22"]
[Site "England"]
[Date "2022.03.26"]
[Round "5.36"]
[White "Hand, Freddie"]
[Black "Sowray, Peter J"]
[Result "1/2-1/2"]
[ECO "D31"]
[WhiteElo "2181"]
[BlackElo "2226"]
[Annotator "ChessBase"]
[PlyCount "79"]
[EventDate "2021.11.27"]
[EventType "team-tourn"]
[EventCountry "ENG"]
[SourceTitle "playchess.com"]
[Source "ChessBase"]
[SourceQuality "1"]
[TimeControl "40/6000+30:3000+30"]

1. d4 d5 2. c4 e6 3. Nc3 Be7 4. cxd5 exd5 5. Bf4 Nf6 6. e3 Bf5 7. Bd3 Bxd3 8. Qxd3 c6 9. Nge2 Nbd7 10. O-O O-O 11. Rab1 a5 12. b3 Nh5 13. f3 Re8 14. e4 Nxf4 15. Nxf4 Bg5 16. Nfe2 dxe4 17. fxe4 c5 18. d5 Bf6 19. Rbd1 Ra6 20. Kh1 Be5 21. Rf5 Rh6 22. h3 Bb8 23. Nb5 Qh4 24. Nec3 Be5 25. d6 Ree6 26. Qf3 Bxc3 27. Nxc3 Rxd6 28. Rxd6 Rxd6 29. Rxf7 Qe1+ 30. Kh2 Rf6 31. Rxf6 Nxf6 32. Qd3 b6 33. Nd5 Nxe4 34. Nxb6 h6 35. Qd5+ Kh8 36. Qd8+ Kh7 37. Qd3 Kh8 38. Qd8+ Kh7 39. Qd3 Kh8 40. Qd8+ 1/2-1/2

[Event "4NCL 2021-22"]
[Site "England"]
[Date "2022.03.26"]
[Round "5.37"]
[White "Chapman, Terry P D"]
[Black "Bansal, Rohan"]
[Result "1-0"]
[ECO "E04"]
[WhiteElo "2240"]
[BlackElo "1971"]
[Annotator "ChessBase"]
[PlyCount "29"]
[EventDate "2021.11.27"]
[EventType "team-tourn"]
[EventCountry "ENG"]
[SourceTitle "playchess.com"]
[Source "ChessBase"]
[SourceQuality "1"]
[TimeControl "40/6000+30:3000+30"]

1. Nf3 d5 2. d4 Nf6 3. c4 e6 4. g3 dxc4 5. Bg2 a6 6. Ne5 c5 7. Be3 Nd5 8. Nc3 Nc6 9. Nxc6 bxc6 10. dxc5 Bd7 11. Bd4 f6 12. f4 Nxc3 13. bxc3 Qa5 14. e3 Bxc5 15. Qh5+ 1-0

[Event "4NCL 2021-22"]
[Site "England"]
[Date "2022.03.26"]
[Round "5.38"]
[White "Skettos, Nicolas"]
[Black "French, Max"]
[Result "0-1"]
[ECO "B13"]
[WhiteElo "1940"]
[BlackElo "2246"]
[Annotator "ChessBase"]
[PlyCount "56"]
[EventDate "2021.11.27"]
[EventType "team-tourn"]
[EventCountry "ENG"]
[SourceTitle "playchess.com"]
[Source "ChessBase"]
[SourceQuality "1"]
[TimeControl "40/6000+30:3000+30"]

1. e4 c6 2. d4 d5 3. exd5 cxd5 4. Bd3 Nc6 5. c3 Qc7 6. Ne2 e5 7. dxe5 Nxe5 8. Bb5+ Bd7 9. Bxd7+ Qxd7 10. O-O Nf6 11. Nd2 Be7 12. Nd4 O-O 13. N2f3 Nc4 14. Qd3 Ne4 15. Qc2 Bf6 16. Bf4 Rac8 17. Rad1 Rfd8 18. h3 b5 19. a3 a6 20. Rd3 a5 21. Qb1 h6 22. Re1 Re8 23. Rdd1 Rcd8 24. Nh2 Nxa3 25. bxa3 Nxc3 26. Rxe8+ Rxe8 27. Qd3 Bxd4 28. Rc1 Ne2+ 0-1

[Event "4NCL 2021-22"]
[Site "England"]
[Date "2022.03.26"]
[Round "5.39"]
[White "Bhatia, Kanwal K"]
[Black "Young, Daniel J"]
[Result "1-0"]
[ECO "B22"]
[WhiteElo "2010"]
[BlackElo "1938"]
[Annotator "NA"]
[PlyCount "57"]
[EventDate "2021.11.27"]
[EventType "team-tourn"]
[EventCountry "ENG"]
[SourceTitle "playchess.com"]
[Source "ChessBase"]
[SourceQuality "1"]
[TimeControl "40/6000+30:3000+30"]

1. e4 c5 2. c3 Nf6 3. e5 Nd5 4. d4 cxd4 5. Nf3 e6 6. cxd4 d6 7. Bc4 Nc6 8. O-O Be7 9. Re1 O-O 10. Nbd2 dxe5 11. dxe5 Nb6 12. Bb3 Qc7 13. a3 Nd7 14. Qe2 Nc5 15. Bc2 a5 16. Nb3 Nxb3 17. Bxb3 Rd8 18. Qe4 Bf8 19. Bg5 Ne7 20. Rac1 Qb6 21. Bc2 g6 22. Qh4 Re8 23. Bh6 Nf5 24. Bxf5 exf5 25. Bxf8 Rxf8 26. Qh6 f6 27. exf6 Qxf6 28. Rc7 Qh8 29. Ree7 1-0

[Event "4NCL 2021-22"]
[Site "England"]
[Date "2022.03.26"]
[Round "5.40"]
[White "Merriman, James"]
[Black "Ratnesan, Radha"]
[Result "1-0"]
[ECO "E52"]
[WhiteElo "1861"]
[BlackElo "1623"]
[Annotator "NA"]
[PlyCount "91"]
[EventDate "2021.11.27"]
[EventType "team-tourn"]
[EventCountry "ENG"]
[SourceTitle "playchess.com"]
[Source "ChessBase"]
[SourceQuality "1"]
[TimeControl "40/6000+30:3000+30"]

1. d4 Nf6 2. c4 e6 3. Nc3 Bb4 4. e3 O-O 5. Bd3 d5 6. Nf3 Nbd7 7. O-O Bxc3 8. bxc3 b6 9. cxd5 exd5 10. Qc2 Re8 11. Bb2 Bb7 12. c4 h6 13. Rac1 dxc4 14. Bxc4 Bxf3 15. gxf3 c5 16. dxc5 Nxc5 17. Kh1 Ne6 18. Rg1 Ng5 19. h4 Ne6 20. Qf5 Kf8 21. Bb5 Nd7 22. Qg4 Nf6 23. Bxf6 Qxf6 24. Bxe8 Rxe8 25. Rc4 Qb2 26. Kg2 Qxa2 27. Ra4 Qb2 28. Rxa7 Rd8 29. Ra4 Rd3 30. Qb4+ Qxb4 31. Rxb4 Rd2 32. Rgb1 Nc5 33. R4b2 Rd7 34. Rxb6 Ne6 35. Rb8+ Ke7 36. R8b7 Rxb7 37. Rxb7+ Kf6 38. Kg3 h5 39. f4 g6 40. f3 Nc5 41. Rb5 Ne6 42. Rd5 Ke7 43. e4 Kf6 44. f5 Nf8 45. fxg6 Nxg6 46. Rxh5 1-0

[Event "4NCL 2021-22"]
[Site "England"]
[Date "2022.03.26"]
[Round "5.41"]
[White "Weller, Jean-Luc"]
[Black "Wall, Gavin"]
[Result "1/2-1/2"]
[ECO "A87"]
[WhiteElo "2230"]
[BlackElo "2312"]
[Annotator "ChessBase"]
[PlyCount "99"]
[EventDate "2021.11.27"]
[EventType "team-tourn"]
[EventCountry "ENG"]
[SourceTitle "playchess.com"]
[Source "ChessBase"]
[SourceQuality "1"]
[TimeControl "40/6000+30:3000+30"]

1. d4 f5 2. g3 Nf6 3. Bg2 g6 4. Nf3 Bg7 5. O-O O-O 6. c4 d6 7. Nc3 Qe8 8. d5 Na6 9. Rb1 c6 10. dxc6 bxc6 11. b4 Bd7 12. a3 Nc7 13. Bb2 Rd8 14. Qa4 e5 15. e3 Ne6 16. Rfd1 e4 17. Ne1 Qe7 18. Rd2 Ng4 19. Ne2 Ne5 20. Qb3 Be8 21. Nd4 Bf7 22. Bf1 Nxd4 23. exd4 Ng4 24. Ng2 d5 25. c5 g5 26. h3 Nf6 27. f4 exf3 28. Qxf3 Bh5 29. Qb3 Ne4 30. Rd3 f4 31. g4 Bg6 32. Re1 Qf7 33. Be2 Ng3 34. Bf3 Bxd3 35. Qxd3 Rfe8 36. a4 Rxe1+ 37. Nxe1 Qe6 38. Nc2 Ne4 39. Bc1 h5 40. Kg2 hxg4 41. Bxg4 Qe8 42. b5 Nf6 43. Bf5 Rb8 44. Bg6 Qd7 45. Bf5 Qe7 46. Nb4 Qe1 47. Bd2 f3+ 48. Kxf3 Qh1+ 49. Ke2 Re8+ 50. Be3 1/2-1/2

[Event "4NCL 2021-22"]
[Site "England"]
[Date "2022.03.26"]
[Round "5.42"]
[White "Delaney, Killian"]
[Black "Townsend, M Paul"]
[Result "1-0"]
[ECO "A21"]
[WhiteElo "2292"]
[BlackElo "2284"]
[Annotator "ChessBase"]
[PlyCount "79"]
[EventDate "2021.11.27"]
[EventType "team-tourn"]
[EventCountry "ENG"]
[SourceTitle "playchess.com"]
[Source "ChessBase"]
[SourceQuality "1"]
[TimeControl "40/6000+30:3000+30"]

1. c4 e5 2. Nc3 Bb4 3. Nd5 Be7 4. d4 d6 5. e4 Nf6 6. Nxe7 Qxe7 7. f3 c5 8. d5 O-O 9. Bg5 h6 10. Be3 Nh7 11. g4 h5 12. h3 g6 13. Bd3 f5 14. gxf5 gxf5 15. exf5 Bxf5 16. Bxf5 Rxf5 17. Qc2 Qh4+ 18. Kd2 Rf6 19. Ne2 Nd7 20. Rag1+ Kh8 21. Rg3 Rg8 22. Rxg8+ Kxg8 23. Rg1+ Kh8 24. Rg3 b5 25. cxb5 Qb4+ 26. Nc3 Nb6 27. a3 Nc4+ 28. Kc1 Nxe3 29. axb4 Nxc2 30. Kxc2 cxb4 31. Ne4 h4 32. Rg4 b3+ 33. Kd2 Rf5 34. f4 Rxf4 35. Rxh4 Rf7 36. Nxd6 Rd7 37. Rh6 Kg8 38. Ke3 Kf8 39. Ne4 Ng5 40. Nxg5 1-0

[Event "4NCL 2021-22"]
[Site "England"]
[Date "2022.03.26"]
[Round "5.43"]
[White "Barry, Colm"]
[Black "Murray, David"]
[Result "0-1"]
[ECO "B22"]
[WhiteElo "2241"]
[BlackElo "2108"]
[Annotator "ChessBase"]
[PlyCount "96"]
[EventDate "2021.11.27"]
[EventType "team-tourn"]
[EventCountry "ENG"]
[SourceTitle "playchess.com"]
[Source "ChessBase"]
[SourceQuality "1"]
[TimeControl "40/6000+30:3000+30"]

1. e4 c5 2. c3 d5 3. exd5 Nf6 4. d4 Nxd5 5. Nf3 cxd4 6. cxd4 g6 7. Bc4 Nb6 8. Bb3 Bg7 9. O-O O-O 10. h3 Nc6 11. Be3 e5 12. dxe5 Nxe5 13. Nxe5 Bxe5 14. Nc3 Qh4 15. Qf3 Qf6 16. Qxf6 Bxf6 17. Rad1 Bf5 18. g4 Bxc3 19. bxc3 Be4 20. Rd6 Rac8 21. f3 Bc6 22. c4 Rfe8 23. Kf2 Rc7 24. c5 Rce7 25. Bd4 Nd7 26. Kg3 Nf8 27. Rc1 Re2 28. Rc3 Ne6 29. Bf6 Nc7 30. a4 Kf8 31. h4 Rc8 32. Rd1 Rce8 33. h5 R2e3 34. hxg6 fxg6 35. Rdd3 Rxd3 36. Rxd3 Ne6 37. Be5 Ng5 38. Bf4 Nf7 39. g5 Kg7 40. Bc1 Re2 41. Bd2 Kf8 42. f4 h5 43. Bc3 Be4 44. Rd7 Re3+ 45. Kh4 Bg2 46. Bg7+ Ke8 47. Be6 Rxe6 48. Rd2 Bc6 0-1

[Event "4NCL 2021-22"]
[Site "England"]
[Date "2022.03.26"]
[Round "5.44"]
[White "Carroll, Peter"]
[Black "Sucikova, Svetlana"]
[Result "0-1"]
[ECO "B12"]
[WhiteElo "2122"]
[BlackElo "2200"]
[Annotator "ChessBase"]
[PlyCount "76"]
[EventDate "2021.11.27"]
[EventType "team-tourn"]
[EventCountry "ENG"]
[SourceTitle "playchess.com"]
[Source "ChessBase"]
[SourceQuality "1"]
[TimeControl "40/6000+30:3000+30"]

1. e4 c6 2. d4 d5 3. e5 Bf5 4. h4 h5 5. c4 e6 6. Nc3 Ne7 7. Nge2 dxc4 8. Ng3 Nd7 9. Bg5 Qb6 10. Qd2 O-O-O 11. Nxf5 exf5 12. e6 Ne5 13. O-O-O f6 14. Bf4 N7g6 15. Bh2 Bb4 16. f3 Qa6 17. Qf2 Bxc3 18. bxc3 Qa3+ 19. Qb2 Qxb2+ 20. Kxb2 Rhe8 21. Kc1 Nd3+ 22. Bxd3 cxd3 23. Rhe1 Nxh4 24. Rxd3 g5 25. Bg3 Nxg2 26. Re2 f4 27. Bf2 Rd6 28. c4 Rdxe6 29. Rxe6 Rxe6 30. d5 cxd5 31. cxd5 Ra6 32. Kb2 Ne3 33. Bxe3 fxe3 34. Rxe3 Kd7 35. f4 Kd6 36. fxg5 fxg5 37. Rd3 Ra5 38. Rb3 b6 0-1

[Event "4NCL 2021-22"]
[Site "England"]
[Date "2022.03.26"]
[Round "5.46"]
[White "Casey, Eoghan"]
[Black "Gayson, Peter M"]
[Result "0-1"]
[ECO "A80"]
[WhiteElo "1902"]
[BlackElo "2127"]
[Annotator "ChessBase"]
[PlyCount "110"]
[EventDate "2021.11.27"]
[EventType "team-tourn"]
[EventCountry "ENG"]
[SourceTitle "playchess.com"]
[Source "ChessBase"]
[SourceQuality "1"]
[TimeControl "40/6000+30:3000+30"]

1. d4 f5 2. Bf4 d6 3. e3 Nf6 4. h4 e6 5. Nc3 Nc6 6. Nf3 Be7 7. Bc4 d5 8. Bb5 O-O 9. Bxc6 bxc6 10. Ne5 Qe8 11. f3 c5 12. Qd2 Rb8 13. O-O-O Bd6 14. g4 fxg4 15. Rdg1 gxf3 16. h5 Ne4 17. Bh6 Nxd2 18. Rxg7+ Kh8 19. Ng6+ hxg6 20. hxg6 Qd7 21. Rxd7 Bxd7 22. Bxf8+ Kg8 23. Bxd6 cxd6 24. Kxd2 Rxb2 25. Rf1 Be8 26. Kc1 Rb4 27. dxc5 dxc5 28. Rxf3 Bxg6 29. Ne2 Rc4 30. c3 Bd3 31. Nf4 Be4 32. Rg3+ Kf7 33. Kb2 Ra4 34. Kb3 Ra6 35. a3 Rb6+ 36. Ka2 Rb1 37. Nh5 Rh1 38. Nf4 Rh2+ 39. Kb3 Bc2+ 40. Kb2 Be4+ 41. Ka1 Rc2 42. Nh5 Rxc3 43. Rg7+ Kf8 44. Rxa7 Rxe3 45. Nf6 c4 46. a4 c3 47. Rc7 Bc2 48. Nd7+ Ke8 49. Nc5 d4 50. a5 d3 51. a6 d2 52. a7 d1=Q+ 53. Ka2 Be4 54. Nxe4 Qa4+ 55. Kb1 Re1# 0-1

[Event "4NCL 2021-22"]
[Site "England"]
[Date "2022.03.26"]
[Round "5.47"]
[White "Clarke, Connor"]
[Black "Reilly, Gerhard"]
[Result "1-0"]
[ECO "A46"]
[WhiteElo "1830"]
[BlackElo "1793"]
[Annotator "NA"]
[PlyCount "37"]
[EventDate "2021.11.27"]
[EventType "team-tourn"]
[EventCountry "ENG"]
[SourceTitle "playchess.com"]
[Source "ChessBase"]
[SourceQuality "1"]
[TimeControl "40/6000+30:3000+30"]

1. d4 Nf6 2. Bg5 e6 3. e4 h6 4. Bxf6 Qxf6 5. c3 c5 6. Nf3 d5 7. Bd3 Nc6 8. O-O cxd4 9. Re1 dxe4 10. Bxe4 dxc3 11. Nxc3 Be7 12. Qa4 Bd7 13. Rad1 Rd8 14. Qb5 Rb8 15. Rxd7 Kxd7 16. Ne5+ Kc7 17. Nxc6 a6 18. Qa5+ b6 19. Qxa6 1-0

[Event "4NCL 2021-22"]
[Site "England"]
[Date "2022.03.26"]
[Round "5.48"]
[White "Crowley, James"]
[Black "Shaw, Peter"]
[Result "0-1"]
[ECO "B07"]
[WhiteElo "1475"]
[BlackElo "2094"]
[Annotator "NA"]
[PlyCount "78"]
[EventDate "2021.11.27"]
[EventType "team-tourn"]
[EventCountry "ENG"]
[SourceTitle "playchess.com"]
[Source "ChessBase"]
[SourceQuality "1"]
[TimeControl "40/6000+30:3000+30"]

1. e4 d6 2. d4 Nf6 3. Nc3 c6 4. Nf3 Bg4 5. Be3 e6 6. Be2 Be7 7. a4 O-O 8. O-O d5 9. e5 Nfd7 10. Qd2 c5 11. Rfe1 Nc6 12. Nd1 cxd4 13. Bxd4 Qc7 14. Qe3 Bxf3 15. Bxf3 Nxd4 16. Qxd4 Qxc2 17. Re2 Qc5 18. Qd3 Rfc8 19. Nc3 Qc4 20. Rd1 Qxd3 21. Rxd3 Bb4 22. Ree3 Bxc3 23. bxc3 Rc4 24. Bd1 Rac8 25. f3 a5 26. Kf2 Kf8 27. Ke2 Ke7 28. Kd2 Nb6 29. Bb3 Rh4 30. h3 Nc4+ 31. Bxc4 Rhxc4 32. Rd4 Rxd4+ 33. cxd4 Rc4 34. Rb3 Rxd4+ 35. Kc3 Rc4+ 36. Kd3 Rb4 37. Rxb4 axb4 38. Kc2 d4 39. Kd3 b3 0-1

[Event "4NCL 2021-22"]
[Site "England"]
[Date "2022.03.26"]
[Round "5.49"]
[White "Zakarian, David"]
[Black "Jones, Steven A"]
[Result "0-1"]
[ECO "C47"]
[WhiteElo "2316"]
[BlackElo "2215"]
[Annotator "ChessBase"]
[PlyCount "80"]
[EventDate "2021.11.27"]
[EventType "team-tourn"]
[EventCountry "ENG"]
[SourceTitle "playchess.com"]
[Source "ChessBase"]
[SourceQuality "1"]
[TimeControl "40/6000+30:3000+30"]

1. e4 e5 2. Nf3 Nc6 3. d4 exd4 4. Nxd4 Nf6 5. Nc3 Bc5 6. Nxc6 bxc6 7. Bd3 d6 8. h3 O-O 9. O-O Re8 10. Na4 Bb6 11. Nxb6 axb6 12. Re1 c5 13. Bg5 h6 14. Bh4 Bb7 15. f3 g5 16. Bf2 Nh5 17. g3 Qf6 18. c3 d5 19. Bb5 Re5 20. Re3 dxe4 21. fxe4 Qg6 22. Qd7 Rc8 23. Bd3 Nf6 24. Qa4 Ra8 25. Qb3 Rae8 26. Rae1 Bxe4 27. g4 h5 28. Bg3 c4 29. Bxc4 R5e7 30. Bb5 Bd5 31. Rxe7 Rxe7 32. c4 Rxe1+ 33. Bxe1 Qe4 34. cxd5 Qxe1+ 35. Bf1 hxg4 36. d6 Ne4 37. Qc2 Nd2 38. Qf5 Qe3+ 39. Kh1 cxd6 40. Bg2 Qe1+ 0-1

[Event "4NCL 2021-22"]
[Site "England"]
[Date "2022.03.26"]
[Round "5.51"]
[White "Pozimski, Szymon"]
[Black "Blackburn, Jonathan L B"]
[Result "1/2-1/2"]
[ECO "E92"]
[WhiteElo "2001"]
[BlackElo "2227"]
[Annotator "ChessBase"]
[PlyCount "66"]
[EventDate "2021.11.27"]
[EventType "team-tourn"]
[EventCountry "ENG"]
[SourceTitle "playchess.com"]
[Source "ChessBase"]
[SourceQuality "1"]
[TimeControl "40/6000+30:3000+30"]

1. Nf3 Nf6 2. c4 g6 3. Nc3 Bg7 4. e4 d6 5. d4 O-O 6. Be2 Nbd7 7. h3 e5 8. dxe5 dxe5 9. Be3 c6 10. b4 Qe7 11. Rb1 Rd8 12. Nd2 Nf8 13. Bc5 Qc7 14. Bxf8 Bxf8 15. Qc2 a5 16. a3 Ne8 17. c5 axb4 18. axb4 b6 19. cxb6 Qxb6 20. b5 Be6 21. O-O cxb5 22. Rxb5 Qc7 23. Ndb1 Ra2 24. Rb2 Rxb2 25. Qxb2 Bc5 26. Nb5 Qb8 27. Qc2 Rc8 28. Qd3 Bb6 29. N1c3 Bc4 30. Qf3 Bxb5 31. Nxb5 Nd6 32. Nxd6 Qxd6 33. Bd1 Kg7 1/2-1/2

[Event "4NCL 2021-22"]
[Site "England"]
[Date "2022.03.26"]
[Round "5.52"]
[White "Redmond, John P."]
[Black "Dickinson, Tim"]
[Result "1-0"]
[ECO "A40"]
[WhiteElo "2210"]
[BlackElo "2047"]
[Annotator "ChessBase"]
[PlyCount "79"]
[EventDate "2021.11.27"]
[EventType "team-tourn"]
[EventCountry "ENG"]
[SourceTitle "playchess.com"]
[Source "ChessBase"]
[SourceQuality "1"]
[TimeControl "40/6000+30:3000+30"]

1. d4 e6 2. c4 Bb4+ 3. Nd2 d5 4. Qa4+ Nc6 5. e3 a6 6. a3 Be7 7. Ngf3 Bd7 8. Qc2 Nf6 9. Bd3 dxc4 10. Nxc4 b5 11. Nce5 Nxe5 12. dxe5 Nd5 13. Bxh7 c5 14. Bd3 Rc8 15. Be2 c4 16. e4 Nb6 17. O-O Na4 18. Bd2 Nc5 19. Nd4 Bc6 20. Nxc6 Rxc6 21. Be3 Qb8 22. f4 Kd7 23. Rfd1+ Kc8 24. Kh1 Nb3 25. Rab1 g5 26. a4 gxf4 27. Bxf4 Kc7 28. axb5 axb5 29. Rd6 Bxd6 30. exd6+ Kd7 31. Rd1 Qa7 32. Qc3 Qb8 33. Qf6 Qf8 34. e5 Ra6 35. Bg5 Ra1 36. Rxa1 Nxa1 37. Qf2 Rxh2+ 38. Kxh2 Qh8+ 39. Kg1 Qxe5 40. Qxf7+ 1-0

[Event "4NCL 2021-22"]
[Site "England"]
[Date "2022.03.26"]
[Round "5.53"]
[White "Cole, James"]
[Black "Kett, Tim"]
[Result "0-1"]
[ECO "C73"]
[WhiteElo "2040"]
[BlackElo "2136"]
[Annotator "NA"]
[PlyCount "72"]
[EventDate "2021.11.27"]
[EventType "team-tourn"]
[EventCountry "ENG"]
[SourceTitle "playchess.com"]
[Source "ChessBase"]
[SourceQuality "1"]
[TimeControl "40/6000+30:3000+30"]

1. e4 e5 2. Nf3 Nc6 3. Bb5 a6 4. Ba4 d6 5. Bxc6+ bxc6 6. d4 f6 7. Nc3 Ne7 8. Be3 Ng6 9. Qe2 a5 10. h4 Ba6 11. Qd2 Qb8 12. O-O-O h5 13. dxe5 fxe5 14. Ng5 Qb4 15. a3 Qb7 16. Rde1 Bc4 17. f4 Rb8 18. Nd1 Be7 19. Qc3 Qb5 20. f5 Nf8 21. Bd2 a4 22. Ne3 Bg8 23. Qb4 Nd7 24. Qxb5 Rxb5 25. Rhg1 d5 26. c4 dxc4 27. Kc2 Nc5 28. Nd1 Nd3 29. Re2 Bc5 30. Rf1 Bd4 31. Bc3 Rh6 32. Kb1 c5 33. f6 Rxf6 34. Rxf6 gxf6 35. Nf3 Bh7 36. Kc2 Nf4 0-1

[Event "4NCL 2021-22"]
[Site "England"]
[Date "2022.03.26"]
[Round "5.54"]
[White "Zeidler, Sven P."]
[Black "Wilson, Edgar"]
[Result "1-0"]
[ECO "C01"]
[WhiteElo "2172"]
[BlackElo "1872"]
[Annotator "ChessBase"]
[PlyCount "91"]
[EventDate "2021.11.27"]
[EventType "team-tourn"]
[EventCountry "ENG"]
[SourceTitle "playchess.com"]
[Source "ChessBase"]
[SourceQuality "1"]
[TimeControl "40/6000+30:3000+30"]

1. e4 e6 2. d4 d5 3. exd5 exd5 4. Nf3 Bd6 5. c4 Nf6 6. Nc3 O-O 7. cxd5 Nbd7 8. Bg5 Nb6 9. Be2 Be7 10. Bxf6 Bxf6 11. Qb3 a5 12. a4 Qe7 13. Rc1 Bg4 14. O-O Qb4 15. Qxb4 axb4 16. Ne4 Nxd5 17. Nxf6+ gxf6 18. Bc4 Bxf3 19. gxf3 Nf4 20. Rfe1 Rfe8 21. Re3 c6 22. Kf1 Kg7 23. b3 Rad8 24. Rce1 Kf8 25. Rxe8+ Rxe8 26. Rxe8+ Kxe8 27. Ke1 Ke7 28. Kd2 Nd5 29. Bd3 h6 30. Bf5 b6 31. Kd3 Kd6 32. Be4 Nf4+ 33. Kc4 Nh3 34. Kxb4 Nxf2 35. Kc4 Nh3 36. b4 Ng5 37. h4 Ne6 38. Bxc6 Nf4 39. Kb5 Kc7 40. d5 Ng6 41. d6+ Kxd6 42. Kxb6 Nxh4 43. a5 Ng6 44. a6 Ne7 45. Bb7 h5 46. a7 1-0